 Dungeon Crawl Stone Soup version 0.28-a0-519-gbfeecf2fc5 (webtiles) character file.

Game seed: 16507730906508971227

65902 Zenkrye the Spry (level 15, -6/118 HPs)
             Began as a Djinni Conjurer on Sept 23, 2021.
             Was the Champion of Makhleb.
             Mangled by a bog body (17 damage)
             ... summoned by a worldbinder
             ... on level 2 of the Abyss.
             The game lasted 01:24:27 (27201 turns).

Zenkrye the Spry (Djinni Conjurer)                 Turns: 27201, Time: 01:24:27

Health: -6/118     AC: 15    Str:  9    XL:     15   Next: 60%
Gold:   1213       EV: 16    Int: 27    God:    Makhleb [******] SH:  4 Dex: 11

rFire   + + .      SeeInvis +   m - staff of earth
rCold   . . .      Faith    .   Q - +0 buckler
rNeg    . . .      Spirit   .   v - +3 acid dragon scales
rPois   ∞          Reflect  .   b - +2 helmet {SInv}
rElec   .          Harm     .   (no cloak)
rCorr   +          Rampage  .   R - +2 pair of gloves {Str+3}
Will    +....                   (boots unavailable)
Stlth   +.........              (no amulet)
HPRegen 0.29/turn               c - ring of protection from cold
MPRegen 0.00/turn               w - ring of wizardry

@: about to teleport, flying
A: sickness immunity, fire resistance 2, cold vulnerability 1, float, innate
caster, hp casting, extra vitality 1
a: Renounce Religion, Minor Destruction, Lesser Servant of Makhleb, Major
Destruction, Greater Servant of Makhleb


You were on level 2 of the Abyss.
You worshipped Makhleb.
Makhleb was exalted by your worship.
You visited 4 branches of the dungeon, and saw 23 of its levels.
You visited the Abyss 1 time.
You also visited: Sewer.

You collected 2146 gold pieces.
You spent 933 gold pieces at shops.

Inventory:

Hand Weapons
 y - a +0 quick blade
Missiles
 f - 132 sling bullets
 g - 215 bolts
 r - a throwing net {!f}
 B - 2 silver boomerangs (quivered)
 J - 2 javelins
 P - 4 silver javelins
Armour
 b - a +2 helmet of see invisible (worn)
 l - a +2 pair of gloves of archery
 o - a +2 ring mail of willpower
 v - +3 acid dragon scales (worn)
 I - a +2 hat
 Q - a +0 buckler (worn)
 R - a +2 pair of gloves of strength (worn)
Magical Staves
 m - a staff of earth (weapon)
 F - a staff of death
Jewellery
 c - a ring of protection from cold (left hand)
 p - a +4 ring of protection
 s - a +4 ring of slaying
 w - a ring of wizardry (right hand)
 A - a ring of see invisible
 G - a ring of protection from cold
 O - a +6 ring of dexterity
 U - an amulet of faith
Wands
 d - a wand of iceblast (23) {@v4}
 t - a wand of digging (10) {@v1}
 H - a wand of flame (29)
 W - a wand of paralysis (8)
Scrolls
 a - 4 scrolls of blinking {@r4}
 i - 5 scrolls of identify {@r1}
 u - 4 scrolls of immolation
 x - 4 scrolls of teleportation {@r3}
 D - a scroll of magic mapping
 L - a scroll of enchant armour
 N - a scroll of fear
 S - a scroll of summoning {unknown}
 V - a scroll of enchant weapon {unknown}
Potions
 e - 2 potions of mutation
 h - a potion of brilliance
 j - 7 potions of might {@q4}
 k - 2 potions of haste {@q3}
 n - 7 potions of curing {@q1}
 q - 6 potions of heal wounds {@q2}
 z - a potion of ambrosia {unknown}
 C - 2 potions of cancellation
 E - a potion of berserk rage
 K - 3 potions of degeneration {unknown}
 T - a potion of magic {unknown}
Miscellaneous
 M - a box of beasts


   Skills:
 + Level 14.8 Fighting
 + Level 16.2 Dodging
 - Level 1.5 Stealth
 + Level 3.4 Shields
 + Level 12.1 Spellcasting
 - Level 5.0 Invocations
 - Level 3.0 Evocations


You couldn't memorise any spells.
You knew the following spells:

 Your Spells              Type           Power      Damage    Failure   Level
a - Magic Dart            Conj           100%       1d8       1%          1
b - Searing Ray           Conj           100%       2d8       1%          2
c - Dazzling Flash        Conj/Hex       100%       N/A       1%          3
d - Fulminant Prism       Conj/Hex       34%        3d16      1%          4
e - Summon Small Mammal   Summ           100%       N/A       1%          1
f - Static Discharge      Conj/Air       69%        N/A       1%          2
g - Conjure Flame         Conj/Fire      69%        6-21      1%          3
h - Flame Wave            Conj/Fire      69%        3d12      1%          4
i - Lee's Rapid Deconstr  Erth           44%        3d22*     1%          5
j - Borgnjor's Vile Clut  Necr/Erth      44%        N/A       1%          5
k - Eringya's Noxious Bo  Tmut/Pois      34%        N/A       2%          6
q - Iskenderun's Mystic   Conj/Tloc      69%        2d14      1%          4
Your spell library was empty.

Dungeon Overview and Level Annotations

Branches:
Dungeon (15/15)            Temple (1/1) D:6            Lair (6/6) D:8
 Shoals (0/4) Lair:2        Snake (0/4) Lair:2        Slime (0/5) Lair:6
    Orc (2/2) D:9             Elf (0/3) Orc:2        Depths (0/4) D:15
  Sewer (visited)
 Vaults: D:13-14

Altars:
Ashenzari
Cheibriados
Dithmenos
Fedhas
Gozag
Kikubaaqudgha
Makhleb
Nemelex Xobeh
Okawaru
Qazlal
Trog
Uskayaw
Vehumet
Zin
The Shining One
Jiyva

Shops:
D:7 !   D:15 *   Orc:2 ([[[

Annotations:
D:10 4 runed translucent doors
D:14 Louise
Lair:6 1 runed translucent door


Innate Abilities, Weirdness & Mutations

You are immune to sickness and miasma.
You are immune to poison.
Your flesh is very heat resistant. (rF++)
You are vulnerable to cold. (rC-)
You float through the air rather than walking.
You learn spells naturally, not from books.
Your magical power is your life essence.
You have superior vitality. (+4 HP)


Message History

Aiming: Lee's Rapid Deconstruction (mildly dangerous; 1% risk of failure)
Press: ? - help, Dir - move target A stone wall.
You feel a surge of power!
The wall shatters!
The blast of rock fragments hits the kobold brigand!!
The kobold brigand is severely wounded.
* * * LOW HITPOINT WARNING * * *
A large abomination comes into view.
The kobold brigand throws a poisoned dart.
The poisoned dart barely misses you.
Casting: Lee's Rapid Deconstruction (mildly dangerous; 1% risk of failure)
Confirm with . or Enter, or press ? or * to list all spells.
Aiming: Lee's Rapid Deconstruction (mildly dangerous; 1% risk of failure)
Press: ? - help, Dir - move target A stone wall.
You feel a surge of power!
The wall shatters!
The blast of rock fragments hits the kobold brigand!!!
You kill the kobold brigand!
Makhleb accepts your kill.
You feel better.
* * * LOW HITPOINT WARNING * * *
You hear a shout!
You hear a bark! x2
As you read the scroll of teleportation {@r3}, it crumbles to dust.
You feel strangely unstable.
You feel the power of the Abyss delaying your translocation!
A neqoxec comes into view.
A worldbinder comes into view.
The worldbinder calls forth creatures from the Swamp!
The worldbinder calls forth creatures from the Swamp!
You hit the bog body.
The bog body is lightly damaged.
The large abomination closely misses you.
The bog body casts a spell at you. The bolt of cold hits you!!
* * * LOW HITPOINT WARNING * * *
The bog body misses you. The bog body touches you.
* * * LOW HITPOINT WARNING * * *
The bog body freezes you!
You die...

##) ##.. ##
. #...#.#
..## ##.#
.#...
##.####....#
#.#.nx...#
##.#.#.§.##
##Xn.#...#
#@y...###.
#..#.#..# .
#..#.§..####
. .#..
.#.###. ...
#§. ..
#..#.#.#. #.
...# #
...#.# # #..
#...#. ##
.##
##.#......


You could see a large abomination, a worldbinder, 2 bog bodies and a vampire
mosquito (summoned).

Vanquished Creatures
  A fire giant (D:15)
  Azrael (D:15)
  Snorg (Orc:1)
  An ettin (Orc:1)
  Josephine (Orc:2)
  4 hydras
  An ogre mage (Orc:1)
  2 boulder beetles
  6 two-headed ogres
  Urug (Orc:2)
  3 orc high priests (Orc:2)
  Nergalle (Lair:1)
  4 skeletal warriors (D:12)
  A goliath frog (Lair:6)
  Pikel (D:7)
  8 orc knights
  3 cyclopes
  5 orc sorcerers
  5 black mambas
  A merfolk siren (Lair:2)
  4 elephants (Lair:6)
  A gargoyle (D:12)
  26 cane toads
  10 komodo dragons
  2 kobold demonologists (Abyss:2)
  A spriggan skeleton (Abyss:2)
  2 rime drakes (Lair:3)
  2 polar bears
  3 tyrant leeches (Lair:6)
  A troll (Orc:1)
  31 blink frogs
  A raiju (Abyss:2)
  A wolf spider simulacrum (D:15)
  Prince Ribbit (D:7)
  A shadow (D:10)
  A vampire (D:9)
  7 wraiths
  16 yaks
  A spriggan (D:8)
  5 wyverns
  3 fire elementals (D:15)
  4 basilisks
  3 steam dragons
  5 vampire mosquitoes (Lair:6)
  3 wargs (Orc:1)
  2 acid dragons
  4 nagas (Lair:2)
  3 hell hounds (D:15)
  13 water moccasins
  27 orc warriors
  A sky beast (D:5)
  An ice beast (D:6)
  7 ogres
  A necrophage (D:7)
  12 wolves
  6 centaurs
  5 kobold brigands
  2 gnoll sergeants
  17 bullfrogs
  2 scorpions
  A water moccasin zombie (D:5)
  2 water moccasin skeletons (D:7)
  6 killer bees (D:8)
  4 wights (D:6)
  A howler monkey (D:12)
  4 electric eels
  A hound (D:6)
  7 centaur zombies
  3 bullfrog zombies
  A jelly (D:5)
  A centaur skeleton (D:7)
  A gnoll shaman (D:6)
  19 orc priests
  Jessica (D:3)
  2 bullfrog skeletons (D:5)
  36 orc wizards
  Terence (D:3)
  2 iguanas
  A hound skeleton (D:4)
  A howler monkey zombie (D:7)
  15 gnolls
  9 adders
  A howler monkey skeleton (D:7)
  2 river rats (Sewer)
  A white imp (D:5)
  2 ufetubi
  3 worms
  3 dart slugs
  55 orcs
  7 ball pythons
  6 endoplasms (D:1)
  8 giant cockroaches
  8 goblins
  8 hobgoblins
  2 jackals (Sewer)
  31 kobolds
  4 quokkas
  5 bats
  3 frilled lizards
  9 rats
  A bush (Lair:6)
567 creatures vanquished.

Vanquished Creatures (others)
  An orc sorcerer (Orc:2)
  An orc warrior (Orc:2)
  200 fulminant prisms
  55 fungi
  139 plants
396 creatures vanquished.

Grand Total: 963 creatures vanquished

Notes
Turn   | Place    | Note
-------+----------+-------------------------------------------
     0 | D:1      | Zenkrye the Djinni Conjurer began the quest for the Orb.
     0 | D:1      | Reached XP level 1. HP: 15/15 MP: 0/0
   255 | D:1      | Reached XP level 2. HP: 19/22 MP: 0/0
   520 | D:1      | Reached skill level 1 in Fighting
   762 | D:1      | Reached XP level 3. HP: 26/27 MP: 0/0
   762 | D:1      | Learned a level 1 spell: Summon Small Mammal
  1415 | D:1      | Reached skill level 3 in Dodging
  1441 | D:1      | Found a faded altar of an unknown god.
  1740 | D:2      | Reached XP level 4. HP: 25/33 MP: 0/0
  2269 | D:2      | Found a blossoming altar of Fedhas.
  2339 | D:2      | Reached XP level 5. HP: 33/38 MP: 0/0
  2339 | D:2      | Learned a level 2 spell: Static Discharge
  2561 | D:3      | Noticed Terence
  2567 | D:3      | Killed Terence
  3040 | D:3      | Noticed Jessica
  3045 | D:3      | Killed Jessica
  3116 | D:3      | Reached skill level 4 in Dodging
  3116 | D:3      | Reached XP level 6. HP: 42/45 MP: 0/0
  3989 | D:4      | Found a glowing drain.
  4009 | Sewer    | Entered a sewer
  4192 | Sewer    | Reached XP level 7. HP: 39/50 MP: 0/0
  4192 | Sewer    | Learned a level 3 spell: Conjure Flame
  4287 | Sewer    | Found a white marble altar of Elyvilon.
  5323 | D:5      | Entered Level 5 of the Dungeon
  5400 | D:5      | Reached skill level 5 in Dodging
  5454 | D:5      | Identified the +0 helmet of Dithmenos's Reproof {Int-4
                  | Dex+7}
  6003 | D:5      | Reached XP level 8. HP: 51/58 MP: 0/0
  6174 | D:5      | Reached skill level 5 in Spellcasting
  6180 | D:5      | Reached skill level 5 in Fighting
  6180 | D:5      | Reached skill level 6 in Dodging
  7250 | D:5      | Identified a scroll of acquirement
  7250 | D:5      | Acquired a +1 helmet of see invisible
  7351 | D:6      | Found a staircase to the Ecumenical Temple.
  7360 | Temple   | Entered the Ecumenical Temple
  7403 | Temple   | Became a worshipper of Makhleb the Destroyer
  7941 | D:6      | HP: 2/61 [gnoll sergeant (11)]
  8305 | D:6      | Reached XP level 9. HP: 57/66 MP: 0/0
  8305 | D:6      | Learned a level 4 spell: Flame Wave
  8364 | D:6      | Reached skill level 7 in Dodging
  8841 | D:7      | Noticed Pikel
  8860 | D:7      | Killed Pikel
  8861 | D:7      | Reached skill level 1 in Invocations
  8861 | D:7      | Reached skill level 1 in Evocations
  9240 | D:7      | Reached * piety under Makhleb
  9556 | D:7      | Found Soulo's Distillery.
  9574 | D:7      | Noticed Prince Ribbit
  9585 | D:7      | Killed Prince Ribbit
  9586 | D:7      | Reached skill level 8 in Dodging
  9688 | D:7      | Reached XP level 10. HP: 57/73 MP: 0/0
 10844 | D:8      | Found a staircase to the Lair.
 11267 | D:9      | Reached ** piety under Makhleb
 11447 | D:9      | Reached skill level 9 in Dodging
 11926 | D:9      | Found a hide-covered altar of Uskayaw.
 11949 | D:9      | Acquired a +2 pair of gloves of archery
 12030 | D:9      | Found a staircase to the Orcish Mines.
 12657 | D:10     | Entered Level 10 of the Dungeon
 12788 | D:10     | Reached *** piety under Makhleb
 12793 | D:10     | Reached skill level 5 in Invocations
 12793 | D:10     | Reached XP level 11. HP: 74/81 MP: 0/0
 12793 | D:10     | Learned a level 5 spell: Lee's Rapid Deconstruction
 13169 | D:10     | Found a huge runed translucent gate.
 13170 | D:10     | Found a huge runed translucent gate.
 13174 | D:10     | Found a huge runed translucent gate.
 13187 | D:10     | Found a huge runed translucent gate.
 13269 | D:10     | Noticed a two-headed ogre
 13277 | D:10     | Killed a two-headed ogre
 13607 | Lair:1   | Entered Level 1 of the Lair of Beasts
 13694 | Lair:1   | Reached skill level 10 in Dodging
 13764 | Lair:1   | Noticed Nergalle
 13787 | Lair:1   | Killed Nergalle
 14306 | Lair:1   | Reached skill level 11 in Dodging
 14314 | Lair:1   | Reached **** piety under Makhleb
 14485 | Lair:1   | Reached XP level 12. HP: 90/91 MP: 0/0
 14773 | Lair:1   | Reached skill level 10 in Fighting
 15565 | Lair:2   | You are sucked into a shaft and drop 1 floor!
 15616 | Lair:3   | Reached skill level 12 in Dodging
 16533 | Lair:2   | Found a staircase to the Snake Pit.
 16666 | Lair:2   | Found a staircase to the Shoals.
 16825 | Lair:3   | You are sucked into a shaft and drop 2 floors!
 16957 | Lair:4   | Identified the +0 ring mail of Seruoq {rC++ Stlth+}
 17711 | Lair:3   | Reached XP level 13. HP: 83/99 MP: 0/0
 17711 | Lair:3   | Learned a level 5 spell: Borgnjor's Vile Clutch
 18846 | Lair:5   | Reached skill level 13 in Dodging
 19310 | Lair:6   | Entered Level 6 of the Lair of Beasts
 19312 | Lair:6   | Reached skill level 10 in Spellcasting
 19342 | Lair:6   | Reached ***** piety under Makhleb
 20237 | Lair:6   | Reached skill level 14 in Dodging
 20632 | Lair:6   | Reached XP level 14. HP: 77/108 MP: 0/0
 21095 | Lair:6   | Found a runed translucent door.
 21095 | Lair:6   | Found a viscous altar of Jiyva.
 21095 | Lair:6   | Noticed an acid blob
 21096 | Lair:6   | Found a staircase to the Slime Pits.
 22094 | Orc:1    | Entered Level 1 of the Orcish Mines
 22102 | Orc:1    | Noticed Snorg
 22108 | Orc:1    | Killed Snorg
 22126 | Orc:1    | Reached skill level 15 in Dodging
 22948 | Orc:1    | Reached ****** piety under Makhleb
 23200 | Orc:2    | Entered Level 2 of the Orcish Mines
 23200 | Orc:2    | Noticed Josephine
 23300 | Orc:2    | Noticed Urug
 23309 | Orc:2    | Killed Urug
 23543 | Orc:2    | Found a staircase to the Elven Halls.
 23584 | Orc:2    | Killed Josephine
 23870 | Orc:2    | Found an iron altar of Okawaru.
 23929 | Orc:2    | Reached XP level 15. HP: 116/117 MP: 0/0
 23929 | Orc:2    | Learned a level 6 spell: Eringya's Noxious Bog
 24658 | Orc:2    | Found Yclup Rehu's Antique Armour Emporium.
 24658 | Orc:2    | Found Murimap's Antique Weapon Boutique.
 24660 | Orc:2    | Found Feorub's Antique Armour Emporium.
 24660 | Orc:2    | Found Houh's Antique Armour Boutique.
 24945 | Orc:2    | Bought a buckler for 171 gold pieces
 24951 | Orc:2    | Bought a plate armour for 575 gold pieces
 24952 | Orc:2    | Bought a pair of runed gloves for 187 gold pieces
 25294 | D:11     | Reached skill level 1 in Shields
 26200 | D:12     | Reached skill level 16 in Dodging
 26691 | D:12     | You are sucked into a shaft and drop 3 floors!
 26691 | D:15     | Entered Level 15 of the Dungeon
 26694 | D:15     | Found Fesmoec's Assorted Antiques.
 26725 | D:15     | Found a staircase to the Depths.
 26926 | D:15     | Found Reodiz's Distillery.
 26971 | D:15     | Noticed Azrael
 26983 | D:15     | Killed Azrael
 26987 | D:14     | Noticed Louise
 26993 | D:14     | Cast into level 2 of the Abyss (Louise)
 27201 | Abyss:2  | Mangled by a bog body

Illustrated notes

Levels and vault maps discovered:
D:1:      amcnicky_arrival_flooded_fountain, layout_loops_ring,
          shapermc_ecumenical_altar_hornbeckon
D:2:      layout_basic, basic_altar
D:3:      layout_rooms, hangedman_abyss_or_decor_stabs, minmay_parallelograms,
          amcnicky_mini_pool_small, uniq_jessica, uniq_terence
D:4:      layout_layer_cave, portal_sewer_entry_f,
          chequers_serial_rivers_large_b, minmay_misc_feat_square
D:5:      layout_layer_cave
D:6:      layout_basic, minmay_temple_entry_mist
D:7:      layout_basic, serial_shops, nicolae_shop_trees, serial_park_tiny_pond,
          uniq_prince_ribbit1, uniq_pikel
D:8:      layout_loops_ring, lair_entry_dummy, the_hattery
D:9:      layout_irregular_city, overflow_temple_1_default, david_orc_4
D:10:     lemuel_bear_cage, layout_cave_pools, corexii_hall_statues_x,
          kennysheep_generic_room_13
D:11:     layout_roguey
D:12:     layout_basic
D:14:     layout_small_grid, ximxim_vaults_locker_room,
          minmay_staircase_statues, drop_trap,
          hellmonk_guarded_unrand_gyre_and_gimble, uniq_louise
D:15:     grunt_enter_depths_giant_problem, layout_rooms, serial_bayou_ford_a,
          serial_shops, shop, shop, nicolae_shop_trees,
          nicolae_shop_overgrown_old_shop, portal_ice_cave_entry_pillars_2,
          minmay_misc_feat_doors, uniq_azrael
Temple:   regret_index_temple_sigil_plot
Lair:1:   layout_cave_pods, beast_lair_carwin_11, grunt_megastairs_5,
          lemuel_fruit_fields, lemuel_fruit_fields, infiniplex_staircase_pool_2,
          uniq_nergalle
Lair:2:   layout_gridlike, minmay_shoals_entry_lonely_mermaid,
          minmay_snake_entry_guardpost_medium, basic_altar, st_stairs_6,
          serial_bayou_shore_a
Lair:3:   layout_regular_city, chequers_serial_rivers_room_a,
          serial_bayou_lagoon_b
Lair:4:   layout_regular_city, beast_lair_carwin_8, serial_bayou_shore_b
Lair:5:   layout_hall_layers
Lair:6:   minmay_lair_end_frog_pond, layout_loops_ring, slime_altar_2,
          gauntlet_entry_generic
Orc:1:    layout_caves, uniq_snorg
Orc:2:    grunt_orc_tribal_feast, layout_caves, special_room,
          okawaru_metal_pillars_1_2, uniq_urug, uniq_josephine
Abyss:2:  base:
Lair:6

Skill      XL: |  1  2  3  4  5  6  7  8  9 10 11 12 13 14 15 |
---------------+----------------------------------------------+-----
Fighting       | 1 2 3 4 5 6 8 9 11 12 14 | 14.8
Dodging        | 3 4 5 6 8 9 11 12 14 15 16 | 16.2
Spellcasting   | 4 5 6 7 8 9 10 11 12 | 12.1
Invocations    | 2 5 |  5.0
Evocations     | 2 3 |  3.0
Shields        | 3 |  3.4
Stealth        | |  1.5

Action                   |  1- 3 |  4- 6 |  7- 9 | 10-12 | 13-15 || total
-------------------------+-------+-------+-------+-------+-------++-------
Melee: Staff             |       |       |       |       |     3 ||     3
Throw: Boomerang         |       |       |       |     2 |     2 ||     4
 Cast: Magic Dart        |    72 |    66 |    55 |    57 |     5 ||   255
       Searing Ray       |     3 |    32 |    48 |    52 |    26 ||   161
       Static Discharge  |       |     1 |       |       |       ||     1
       Iskenderun's Myst |       |     2 |     4 |    13 |    56 ||    75
       Conjure Flame     |       |       |    21 |     1 |       ||    22
       Fulminant Prism   |       |       |    10 |    68 |   123 ||   201
       Summon Small Mamm |       |       |     4 |     7 |     3 ||    14
       Flame Wave        |       |       |       |    12 |     9 ||    21
       Dazzling Flash    |       |       |       |     2 |       ||     2
       Lee's Rapid Decon |       |       |       |    60 |   113 ||   173
       Borgnjor's Vile C |       |       |       |       |    71 ||    71
       Eringya's Noxious |       |       |       |       |     1 ||     1
Evoke: Wand              |       |       |       |       |     1 ||     1
  Use: Scroll            |       |       |    11 |     9 |     5 ||    25
       Potion            |       |       |       |       |     1 ||     1
Armor: Robe              |       |     4 |     2 |       |       ||     6
       Ring mail         |       |       |     5 |     8 |       ||    13
       Steam dragon scal |       |       |       |     7 |       ||     7
       Acid dragon scale |       |       |       |    14 |    32 ||    46
Dodge: Dodged            |     1 |     9 |    31 |    73 |    51 ||   165
Block: Buckler           |       |       |       |       |     1 ||     1

Table legend: (Time is in decaauts)
 A = Elapsed time spent in this place.
 B = Non-inter-level travel time spent in this place.
 C = Inter-level travel time spent in this place.
 D = Time resting spent in this place.
 E = Time spent auto-exploring this place.
 F = Levels seen in this place.
 G = Mean time per level.
                   A        B        C        D        E       F      G
               +--------+--------+--------+--------+--------+-----+--------+
         Total |  27216 |  25878 |   1338 |   4077 |  18798 |  25 | 1088.6 |
       Dungeon |  15813 |  15084 |    729 |   1909 |  11590 |  14 | 1129.5 |
        Temple |     73 |     44 |     29 |      0 |     24 |   1 |   73.0 |
          Lair |   8413 |   7993 |    420 |   1202 |   5909 |   6 | 1402.2 |
  Orcish Mines |   2394 |   2234 |    160 |    712 |   1120 |   2 | 1197.0 |
         Abyss |    208 |    208 |      0 |    151 |      0 |   1 |  208.0 |
         Sewer |    311 |    311 |      0 |    103 |    155 |   1 |  311.0 |
               +--------+--------+--------+--------+--------+-----+--------+

Top non-repeatable levels by time:
     D:5: 2288 daAuts
  Lair:5: 2027 daAuts
     D:9: 1900 daAuts
   Orc:2: 1808 daAuts
     D:1: 1618 daAuts
  Lair:6: 1524 daAuts
  Lair:1: 1490 daAuts
     D:4: 1460 daAuts
     D:8: 1387 daAuts
     D:7: 1319 daAuts
  Lair:2: 1254 daAuts
  Lair:3: 1247 daAuts
     D:6: 1113 daAuts
     D:3: 1016 daAuts
    D:11: 987 daAuts
